 Dungeon Crawl Stone Soup version 0.22.1-1-ga44c0e5 (webtiles) character file.

84 Fang the Skirmisher (level 4, 0/29 HPs)
             Began as a Gargoyle Berserker on Oct 31, 2018.
             Was a Believer of Trog.
             Killed by nerve-wracking pain
             ... invoked by Grinder
              (3 damage)
             ... while paralysed by Grinder
             ... on level 3 of the Dungeon.
             The game lasted 00:02:32 (1958 turns).

Fang the Skirmisher (Gargoyle Berserker)            Turns: 1958, Time: 00:02:32

Health: 0/29       AC: 14    Str: 21    XL:     4   Next: 46%
Magic:  4/4        EV:  2    Int:  8    God:    Trog [**....]
Gold:   110        SH:  0    Dex:  9    Spells: 3/3 levels left

rFire    . . .     SeeInvis .   a - +0 hand axe
rCold    . . .     Gourm    .   (no shield)
rNeg     + . .     Faith    .   j - +0 plate armour
rPois    ∞         Spirit   .   (no helmet)
rElec    +         Reflect  .   (no cloak)
rCorr    .         Harm     .   (no gloves)
MR       .....                  (no boots)
Stlth    ..........             (no amulet)
HPRegen  0.09/turn              (no ring)
MPRegen  0.09/turn              (no ring)

@: paralysed, berserk cooldown, slowed
A: negative energy resistance 1, electricity resistance, unbreathing,
petrification resistance, rot immunity, AC +3
a: Berserk, Trog's Hand, Renounce Religion


You were on level 3 of the Dungeon.
You worshipped Trog.
Trog was pleased with you.
You were very hungry.

You visited 1 branch of the dungeon, and saw 3 of its levels.

You collected 110 gold pieces.

Inventory:

Hand Weapons
 a - a +0 hand axe (weapon)
Armour
 j - a +0 plate armour (worn)
Jewellery
 k - an uncursed ring of stealth {unknown}
Scrolls
 d - 2 scrolls of identify {unknown}
 e - a scroll of amnesia {unknown}
 f - a scroll of fear {unknown}
Potions
 b - a potion of agility {unknown}
 g - a potion of ambrosia {unknown}
 h - a potion of cancellation {unknown}
 i - a potion of brilliance {unknown}
 l - a potion of lignification {unknown}
Comestibles
 c - 6 rations


   Skills:
 + Level 3.7 Fighting
 + Level 3.7 Axes
 + Level 2.3 Armour
 + Level 2.2 Dodging
 + Level 1.3 Stealth


You had 3 spell levels left.
You didn't know any spells.
Your spell library was empty.

Dungeon Overview and Level Annotations

Branches:
Dungeon (3/15)

Altars:
Elyvilon
Gozag

Annotations:
D:3 Grinder


Innate Abilities, Weirdness & Mutations

You are resistant to torment.
Your stone body is resilient. (AC +3)
You are immune to poison.
You resist negative energy. (rN+)
You are resistant to electric shocks. (rElec)
You can survive without breathing.
You are immune to petrification.
You are immune to rotting.


Message History

You are no longer berserk.
You pass out from exhaustion.
You feel yourself slow down. Grinder hits you.
* * * LOW HITPOINT WARNING * * *
You writhe in agony.
* * * LOW HITPOINT WARNING * * *
Grinder gestures at you. Pain shoots through your body!
* * * LOW HITPOINT WARNING * * *
Grinder blinks!
You can move again.
Unknown command.
There is a stone staircase leading down here.
Grinder gestures at you.
You suddenly lose the ability to move!
Grinder gestures at you.
You shrug off the repeated paralysis!
Grinder gestures at you. Pain shoots through your body!
You die...

#..########.#.###.#
#..#........#5....###
#..#.###..............
....................#
.#..?..#########.#
#.....# # #.....#
##.#...5.# .......@.+
##.#.....# )........+
##.#.....# #.####### #


You could see Grinder.

Vanquished Creatures
  3 adders
  2 oozes (D:1)
  3 leopard geckos
  3 giant cockroaches (D:1)
  10 hobgoblins
  4 jackals (D:1)
  6 kobolds
  A ball python (D:1)
  3 bats
  2 frilled lizards
  A goblin (D:2)
  8 rats
46 creatures vanquished.

Notes
Turn   | Place    | Note
-------+----------+-------------------------------------------
     0 | D:1      | Fang the Gargoyle Berserker began the quest for the Orb.
     0 | D:1      | Reached XP level 1. HP: 14/14 MP: 1/1
    96 | D:1      | Reached XP level 2. HP: 17/19 MP: 2/2
   528 | D:1      | Reached XP level 3. HP: 13/23 MP: 3/3
   715 | D:1      | Reached skill level 1 in Stealth
  1132 | D:1      | Reached ** piety under Trog
  1404 | D:2      | Found an opulent altar of Gozag.
  1460 | D:2      | Reached XP level 4. HP: 28/28 MP: 4/4
  1486 | D:2      | Found a faded altar of an unknown god.
  1575 | D:2      | Found a white marble altar of Elyvilon.
  1924 | D:3      | Noticed Grinder
  1942 | D:3      | Paralysed by Grinder for 4 turns
  1953 | D:3      | Paralysed by Grinder for 7 turns
  1958 | D:3      | Killed from afar by Grinder

Skill      XL: |  1  2  3 |
---------------+----------+-----
Axes           | 3 |  3.7
Stealth        | 1 |  1.3
Dodging        | 2 |  2.2
Fighting       | |  3.7
Armour         | |  2.3

Action                   |  1- 3 |  4- 6 || total
-------------------------+-------+-------++-------
Melee: Hand axe          |   141 |    57 ||   198
Invok: Berserk           |       |     1 ||     1
 Stab: Sleeping          |     3 |       ||     3
  Eat: Chunk             |     1 |     2 ||     3
Armor: Animal skin       |    41 |       ||    41
       Plate armour      |    11 |    33 ||    44
Dodge: Dodged            |    96 |    17 ||   113
